[Event "XXXV Open Int. de Benasque"]
[Site "Benasque"]
[Date "2015.07.08"]
[Round "7"]
[White "Kharitonov, Alexandr"]
[Black "Rodshtein, Maxim"]
[Result "1/2-1/2"]
[ECO "A50"]
[WhiteElo "2536"]
[BlackElo "2678"]
[Annotator "Robot 9"]
[PlyCount "51"]
[EventDate "2015.??.??"]
[EventCountry "ESP"]
[TimeControl "5400+30"]

1. d4 Nf6 2. c4 b6 3. Nc3 Bb7 4. Qc2 d5 5. cxd5 Nxd5 6. Nf3 Nxc3 7. bxc3 g6 8.
e4 Bg7 9. Bb5+ Nd7 10. O-O O-O 11. Rd1 c6 12. Bf1 Qc7 13. Bg5 c5 14. Bxe7 Rfe8 15. d5 Qf4 16. Bg5 Qxe4 17. Bd3 Qg4 18. h3 Qh5 19. Bb5 Ne5 20. Nxe5 Rxe5 21. f4 Rxg5 22. fxg5 Qxg5 23. Bc6 Bxc6 24. dxc6 Rc8 25. Qd3 Be5 26. Qf3 1/2-1/2

[Event "XXXV Open Int. de Benasque"]
[Site "Benasque"]
[Date "2015.07.08"]
[Round "7"]
[White "Adhiban, B."]
[Black "Grigoriants, Sergey"]
[Result "1-0"]
[ECO "C26"]
[WhiteElo "2627"]
[BlackElo "2594"]
[Annotator "Robot 9"]
[PlyCount "115"]
[EventDate "2015.??.??"]
[EventCountry "ESP"]
[TimeControl "5400+30"]

1. e4 e5 2. Nc3 Nf6 3. g3 d5 4. exd5 Nxd5 5. Bg2 Nxc3 6. bxc3 Bd6 7. Nf3 O-O 8. O-O Nd7 9. d4 exd4 10. cxd4 Nb6 11. Re1 h6 12. Qd3 Qf6 13.
c4 c5 14. Bb2 Na4 15. dxc5 Nxb2 16. Qxd6 Be6 17. Qd4 Rfd8 18.
Qxf6 gxf6 19. Reb1 Na4 20. Rxb7 Nxc5 21. Rb5 Rac8 22. Ra5 Rc7 23. Bf1 Ne4 24. Rc1 Kf8 25. a3 Bg4 26. Be2 Nc5 27. Rb5 Re8 28.
h3 Bxh3 29. Bf1 Bg4 30. Nd4 Rd8 31. Nc2 Nd3 32. Ra1 Ne5 33. Ne3 Be6 34. Rb2 Nf3+ 35. Kg2 Ne5 36. Rc1 Rdc8 37. Rbc2 Rc5 38. f4 Nd7 39. g4 Nb6 40. Kg3 Kg7 41. Rd2 Kf8 42. Rd4 Ra5 43. Rc3 Rac5 44. Bd3 Ke7 45. Re4 Kf8 46. Rd4 Ke7 47. Bf5 Nxc4 48. Nd5+ Kf8 49. Bxe6 fxe6 50. Nxf6 Nb6 51. Rxc5 Rxc5 52. Kh4 Rc4 53. Rxc4 Nxc4 54. a4 Nb2 55. Kh5 Kg7 56. Ne8+ Kh7 57. g5 hxg5 58. fxg5 1-0

[Event "XXXV Open Int. de Benasque"]
[Site "Benasque"]
[Date "2015.07.08"]
[Round "7"]
[White "Romanov, Evgeny"]
[Black "Antal, Gergely"]
[Result "1/2-1/2"]
[ECO "A34"]
[WhiteElo "2575"]
[BlackElo "2512"]
[Annotator "Robot 9"]
[PlyCount "62"]
[EventDate "2015.??.??"]
[EventCountry "ESP"]
[TimeControl "5400+30"]

1. c4 Nf6 2. Nc3 c5 3. Nf3 d5 4. cxd5 Nxd5 5. e4 Nb4 6. Bb5+ N8c6 7. d4 cxd4 8.
a3 dxc3 9. Qxd8+ Kxd8 10. axb4 cxb2 11. Bxb2 e6 12. O-O f6 13. e5 f5 14. Rfd1+
Ke8 15. Rac1 Bd7 16. Nd4 Bxb4 17. Nxc6 Bxc6 18. Bxc6+ bxc6 19. Rxc6 Rd8 20.
Rxd8+ Kxd8 21. Rxe6 Kc7 22. Ra6 Bc5 23. Kf1 Rb8 24. Ra2 Kc6 25. Ba3 Bd4 26. e6
Re8 27. Rc2+ Kd5 28. e7 Ke6 29. Ke2 Bf6 30. Rc7 Bxe7 31. Rxa7 Bxa3 1/2-1/2

[Event "XXXV Open Int. de Benasque"]
[Site "Benasque"]
[Date "2015.07.08"]
[Round "7"]
[White "Jakubowski, Krzysztof"]
[Black "Campora, Daniel H"]
[Result "0-1"]
[ECO "A16"]
[WhiteElo "2565"]
[BlackElo "2437"]
[Annotator "Robot 9"]
[PlyCount "106"]
[EventDate "2015.??.??"]
[EventCountry "ESP"]
[TimeControl "5400+30"]

1. c4 Nf6 2. Nc3 c5 3. e4 Nc6 4. g3 d6 5. Bg2 g6 6. Nge2 Bg7 7. O-O O-O 8. d3
Bd7 9. h3 a6 10. Be3 Rb8 11. a4 Ne8 12. d4 cxd4 13. Nxd4 Nc7 14. a5 Ne6 15. Nb3 Ne5 16. Nd2 Rc8 17. Qb3 Nc5 18. Qa3 Be6 19.
Nd5 f5 20. exf5 Bxf5 21. Bg5 Rf7 22. g4 Bd3 23. Rfe1 h6 24. Be3 Bxc4 25. Nb6 Bb5 26. Nxc8 Qxc8 27. Bxc5 dxc5 28. Re3 Kh7 29. Rae1 Qd8 30. Ne4 Nc4 31. Rd3 Qxa5 32. Qxa5 Nxa5 33. Rf3 Rxf3 34. Bxf3 Bd4 35. Nc3 e5 36. Nxb5 axb5 37. Bd5 c4 38. Re2 b4 39. Kf1 g5 40. Ke1 b3 41. Kd1 Kg7 42. Kc1 Kf6 43. f3 Ke7 44. Rh2 Kd6 45. Be4 Be3+ 46.
Kb1 b5 47. h4 gxh4 48. Rxh4 b4 49. Rh5 c3 50. Rf5 Nc4 51. Rf6+ Ke7 52. Rc6 Nd2+ 53. Ka1 Bd4 0-1

[Event "XXXV Open Int. de Benasque"]
[Site "Benasque"]
[Date "2015.07.08"]
[Round "7"]
[White "Cori, Jorge"]
[Black "Granda Zuniga, Julio E"]
[Result "1/2-1/2"]
[ECO "A40"]
[WhiteElo "2623"]
[BlackElo "2652"]
[Annotator "Robot 9"]
[PlyCount "77"]
[EventDate "2015.??.??"]
[EventCountry "ESP"]
[TimeControl "5400+30"]

1. d4 Nf6 2. c4 e6 3. g3 d5 4. Nf3 Nbd7 5. Bg2 dxc4 6. Nfd2 e5 7. Nxc4 exd4 8.
Qxd4 Bc5 9. Qh4 O-O 10. O-O Nb6 11. Nc3 Ng4 12. Qxd8 Rxd8 13. Nxb6 axb6 14. Bg5 f6 15. Bf4 c6 16. Ne4 Be6 17. Nxc5 bxc5 18. Bh3 Re8 19. a3 f5 20. Rac1 c4 21. Bxg4 fxg4 22. f3 Ra5 23. Rfe1 Rb5 24. Rc2 Bf5 25. Rd2 gxf3 26. Kf2 fxe2 27. Rexe2 Rxe2+ 28. Kxe2 Bd3+ 29. Kf3 g5 30. Be3 Re5 31. g4 Kf7 32. Bd4 Rb5 33. Ke3 Ke6 34. Rf2 Bg6 35. Bc3 Ke7 36. Rd2 Bf7 37. a4 Rd5 38. Rxd5 Bxd5 39. a5 1/2-1/2

[Event "XXXV Open Int. de Benasque"]
[Site "Benasque"]
[Date "2015.07.08"]
[Round "7"]
[White "Naroditsky, Daniel"]
[Black "Oratovsky, Michael"]
[Result "1-0"]
[ECO "C41"]
[WhiteElo "2622"]
[BlackElo "2490"]
[Annotator "Robot 9"]
[PlyCount "51"]
[EventDate "2015.??.??"]
[EventCountry "ESP"]
[TimeControl "5400+30"]

1. e4 d6 2. d4 Nf6 3. Nc3 e5 4. Nf3 Nbd7 5. a4 c6 6. Bc4 Be7 7. O-O O-O 8.
h3 Nxe4 9. Nxe4 d5 10. Re1 exd4 11. Bxd5 cxd5 12. Ng3 d3 13. Qxd3 Nc5 14. Qd1 Be6 15. Bf4 Rc8 16. Nd4 Qd7 17. Be5 Rfe8 18. Nxe6 Nxe6 19. Nf5 Bf8 20. b3 f6 21. Bb2 Ng5 22. Rxe8 Rxe8 23. Ne3 Rd8 24. Qd3 Bc5 25. Rd1 Ne4 26. Nxd5 1-0

[Event "XXXV Open Int. de Benasque"]
[Site "Benasque"]
[Date "2015.07.08"]
[Round "7"]
[White "Vocaturo, Daniele"]
[Black "Ubilava, Elizbar"]
[Result "1/2-1/2"]
[ECO "C89"]
[WhiteElo "2572"]
[BlackElo "2480"]
[Annotator "Robot 9"]
[PlyCount "103"]
[EventDate "2015.??.??"]
[EventCountry "ESP"]
[TimeControl "5400+30"]

1. e4 e5 2. Nf3 Nc6 3. Bb5 a6 4. Ba4 Nf6 5. O-O Be7 6. Re1 b5 7. Bb3 O-O 8. c3 d5 9. exd5 Nxd5 10. Nxe5 Nxe5 11. Rxe5 c6 12. d3 Bd6 13. Re1 Bf5 14. Qf3 Qh4 15. g3 Qh3 16. Bxd5 cxd5 17. Qxd5 Rad8 18. Qg2 Qh5 19. Be3 Bxd3 20. Nd2 Qg6 21. Bd4 Bf5 22. a4 b4 23.
Nc4 bxc3 24. bxc3 Bd7 25. Qe4 Bf5 26. Qh4 Rfe8 27. Re3 Rb8 28.
Nxd6 Qxd6 29. Qg5 Qg6 30. Rae1 Rxe3 31. Qxe3 h5 32. h4 Bd7 33. a5 Bc6 34. Kh2 Rb5 35. Qe7 Kh7 36. Qc7 Rb7 37. Qc8 Be4 38. Qf8 f6 39. Qc8 Rb2 40.
Qxa6 Qf5 41. Qf1 Ra2 42. Ra1 Rxa1 43. Qxa1 Qf3 44. Qf1 Kg6 45. a6 Kf7 46. Be3 Kg6 47. a7 Kh7 48. Bd4 g5 49. Be3 Kg6 50. Qg1 Kh6 51.
Qf1 Kg6 52. Qg1 1/2-1/2

[Event "XXXV Open Int. de Benasque"]
[Site "Benasque"]
[Date "2015.07.08"]
[Round "7"]
[White "Forcen Esteban, Daniel"]
[Black "Gretarsson, Hjorvar Steinn"]
[Result "0-1"]
[ECO "C85"]
[WhiteElo "2539"]
[BlackElo "2559"]
[Annotator "Robot 9"]
[PlyCount "82"]
[EventDate "2015.??.??"]
[EventCountry "ESP"]
[TimeControl "5400+30"]

1. e4 e5 2. Nf3 Nc6 3. Bb5 a6 4. Ba4 Nf6 5. O-O Be7 6. Bxc6 dxc6 7. d3 Bg4 8.
h3 Bxf3 9. Qxf3 O-O 10. Nd2 Nd7 11. Nc4 Bf6 12. Qg3 Re8 13. f4 b5 14. Ne3 exf4
15. Qxf4 Ne5 16. Nf5 Kh8 17. Qf2 Ng6 18. Rb1 Re6 19. Be3 Qd7 20. g4 Rae8 21. g5
Bd8 22. h4 Ne5 23. Qg3 f6 24. Nd4 Rd6 25. Nb3 Ng4 26. Bc5 fxg5 27. Bxd6 cxd6
28. hxg5 Bxg5 29. Rf5 Be3+ 30. Kh1 g6 31. Rf3 Re5 32. Kg2 Rg5 33. Kf1 Rh5 34.
Kg2 Rh2+ 35. Qxh2 Nxh2 36. Rxe3 Ng4 37. Rg3 c5 38. Nd2 h5 39. Rh1 Kg7 40. Rf3
Qe6 41. Nf1 Qxa2 0-1

[Event "XXXV Open Int. de Benasque"]
[Site "Benasque"]
[Date "2015.07.09"]
[Round "8"]
[White "Granda Zuniga, Julio E"]
[Black "Naroditsky, Daniel"]
[Result "1/2-1/2"]
[ECO "A01"]
[WhiteElo "2652"]
[BlackElo "2622"]
[Annotator "Robot 9"]
[PlyCount "126"]
[EventDate "2015.??.??"]
[EventCountry "ESP"]
[TimeControl "5400+30"]

1. b3 e5 2. Bb2 Nc6 3. e3 Nf6 4. Bb5 e4 5. Ne2 a6 6. Bxc6 dxc6 7. Ng3 h5 8.
Nc3 Bg4 9. f3 exf3 10. gxf3 h4 11. Nf1 Bh5 12. Qe2 Qd7 13. d3 O-O-O 14. O-O-O Nd5 15. e4 Nxc3 16. Bxc3 Qh3 17. Nd2 Bc5 18. Qf1 Qe6 19. Re1 h3 20. Nc4 Rhg8 21. Ne3 Bxe3+ 22. Rxe3 g5 23. Rg1 Rde8 24. Re1 g4 25. fxg4 Bxg4 26. a4 f5 27. Qf4 Qd6 28. e5 Qe6 29. Qe3 Kb8 30.
a5 Rg6 31. Kb2 Qd5 32. Rgf1 Rge6 33. Rf4 Qg2 34. Rf2 Qd5 35. Ra1 c5 36. Ra4 Rc6 37. Rc4 b5 38. axb6 cxb6 39. d4 Rec8 40. dxc5 Rxc5 41. Rxc5 Qxc5 42. Bd4 Qc6 43. Bxb6 f4 44. Qd4 Bf5 45. c4 f3 46. Ba5 Rg8 47. Qd5 Qxd5 48. cxd5 Rg2 49. Bb6 Kb7 50. Be3 Be4 51. d6 Rxf2+ 52. Bxf2 Bd5 53. b4 Kc6 54. Kc3 Be6 55. Kd4 Bf5 56. Bg3 Be6 57. Ke3 Bd5 58. Kf4 Kd7 59. Kg4 Be6+ 60. Kxf3 Kc6 61. Kf4 Kd7 62. Bf2 Kc6 63. Kg5 Kd7 1/2-1/2

[Event "XXXV Open Int. de Benasque"]
[Site "Benasque"]
[Date "2015.07.09"]
[Round "8"]
[White "Rodshtein, Maxim"]
[Black "Manolache, Marius"]
[Result "1-0"]
[ECO "E71"]
[WhiteElo "2678"]
[BlackElo "2467"]
[Annotator "Robot 9"]
[PlyCount "107"]
[EventDate "2015.??.??"]
[EventCountry "ESP"]
[TimeControl "5400+30"]

1. d4 Nf6 2. c4 g6 3. Nc3 Bg7 4. e4 d6 5. h3 O-O 6. Nf3 Na6 7. Be3 c5 8. g4 Qa5
9. Qd2 cxd4 10. Nxd4 Nc5 11. Bg2 h5 12. f3 Bd7 13. Rb1 Ne6 14. b4 Qd8 15. Nb3
Rc8 16. Bf1 b5 17. Na5 a6 18. Rc1 Rb8 19. cxb5 axb5 20. Be2 Rc8 21. Kf2 Qe8 22.
Rhg1 h4 23. Qd3 g5 24. Nxb5 Rb8 25. a4 Bxb5 26. axb5 Nd7 27. Qd2 Ne5 28. Nc6
Ng6 29. Bxg5 Nxg5 30. Qxg5 Be5 31. Nxe5 dxe5 32. Rc6 e6 33. Rd1 Rb7 34. Bc4 Kg7
35. Rdd6 Qe7 36. Qxe7 Nxe7 37. Rc5 Ng6 38. Ke3 Rfb8 39. Rdc6 Kf6 40. Rc7 Rb6
41. Rd7 Nf4 42. Rcc7 Rf8 43. Bf1 Rbb8 44. Kd2 Ra8 45. b6 Rab8 46. b7 Ng6 47.
Ba6 Nf4 48. Rc8 Nxh3 49. Rxf8 Rxf8 50. Rc7 Rd8+ 51. Ke3 Nf4 52. Rc8 Ng2+ 53.
Ke2 Nf4+ 54. Ke1 1-0

[Event "XXXV Open Int. de Benasque"]
[Site "Benasque"]
[Date "2015.07.09"]
[Round "8"]
[White "Grigoriants, Sergey"]
[Black "Gomez Esteban, Juan Mario"]
[Result "1-0"]
[ECO "E92"]
[WhiteElo "2594"]
[BlackElo "2432"]
[Annotator "Robot 9"]
[PlyCount "79"]
[EventDate "2015.??.??"]
[EventCountry "ESP"]
[TimeControl "5400+30"]

1. d4 Nf6 2. c4 g6 3. Nc3 Bg7 4. e4 d6 5. Nf3 O-O 6. Be2 e5 7. Be3 Na6 8. O-O Ng4 9. Bg5 Qe8 10. h3 h6 11. Bh4 Nf6 12. Bxf6 Bxf6 13. c5 Nb8 14. cxd6 cxd6 15. Nd5 Qd8 16. dxe5 dxe5 17. Qc1 Nc6 18. Nxf6+ Qxf6 19. Qxh6 Be6 20. Bb5 Rfc8 21. Rfc1 Nb4 22. Rxc8+ Rxc8 23. a3 Nc2 24. Rc1 Nd4 25. Rxc8+ Bxc8 26. Nxd4 exd4 27. Qc1 Be6 28. Bd3 Qe5 29. f4 Qa5 30.
f5 gxf5 31. exf5 Bb3 32. Qg5+ Kf8 33. Qh6+ Ke7 34. Qh4+ f6 35.
Qxd4 Qe1+ 36. Kh2 Qd1 37. Qb4+ Kd7 38. Qxb7+ Kd6 39. Qb4+ Ke5 40. Qe4+ {[%emt 0:01:01] Kd5} 1-0

[Event "XXXV Open Int. de Benasque"]
[Site "Benasque"]
[Date "2015.07.09"]
[Round "8"]
[White "Campora, Daniel H"]
[Black "Vocaturo, Daniele"]
[Result "1/2-1/2"]
[ECO "C02"]
[WhiteElo "2437"]
[BlackElo "2572"]
[Annotator "Robot 9"]
[PlyCount "68"]
[EventDate "2015.??.??"]
[EventCountry "ESP"]
[TimeControl "5400+30"]

1. e4 e6 2. d4 d5 3. e5 c5 4. c3 Nc6 5. Nf3 Bd7 6. Be2 Nge7 7. O-O Ng6 8.
Re1 Be7 9. a3 O-O 10. b4 cxd4 11. cxd4 Rc8 12. Bd3 f6 13. Bb2 fxe5 14. Bxg6 hxg6 15. dxe5 g5 16. h3 Be8 17. Nd4 Nxd4 18. Bxd4 a5 19. bxa5 Qxa5 20. Qd2 Qxd2 21. Nxd2 g4 22. hxg4 Rf4 23. Nb3 Rxg4 24. f3 Rf4 25. Rec1 Rc4 26. Bc5 Bd8 27. Be3 Rxc1+ 28. Rxc1 Rc4 29. Rxc4 dxc4 30. Nd4 Kf7 31. Kf2 Be7 32. Bc1 Bc5 33. Bb2 Bc6 34. Ke2 Bxd4 1/2-1/2

[Event "XXXV Open Int. de Benasque"]
[Site "Benasque"]
[Date "2015.07.09"]
[Round "8"]
[White "Arribas Lopez, Angel"]
[Black "Adhiban, B."]
[Result "1/2-1/2"]
[ECO "A05"]
[WhiteElo "2546"]
[BlackElo "2627"]
[Annotator "Robot 9"]
[PlyCount "145"]
[EventDate "2015.??.??"]
[EventCountry "ESP"]
[TimeControl "5400+30"]

1. Nf3 Nf6 2. c4 g6 3. Nc3 d5 4. cxd5 Nxd5 5. Qb3 Nb6 6. d4 Bg7 7. e4 Bg4 8. Bb5+ c6 9. Ng5 O-O 10. Be2 Bc8 11. h4 h6 12. Nf3 Bg4 13.
Be3 N8d7 14. Qc2 e6 15. O-O-O Qe7 16. h5 g5 17. Nxg5 Bxe2 18.
Qxe2 hxg5 19. h6 Bf6 20. e5 Nxe5 21. dxe5 Bxe5 22. Ne4 Na4 23.
Bxg5 f6 24. Nxf6+ Bxf6 25. Bxf6 Rxf6 26. Qg4+ Kh8 27. Qxa4 Qc5+ 28. Qc2 Qxc2+ 29. Kxc2 Rxf2+ 30. Rd2 Rxd2+ 31.
Kxd2 Rg8 32. Rh2 Rg3 33. Ke2 Kh7 34. Kf2 Rd3 35. Rh1 Rd2+ 36. Kf3 Rxb2 37. g4 Rd2 38. g5 Rd8 39. Kg4 Kg6 40. h7 Rh8 41. Rh6+ Kg7 42. Rxe6 Rxh7 43. Kf5 Kf8 44. Kg6 Rd7 45. Kh6 Rd2 46. Rf6+ Kg8 47. Rg6+ Kf8 48. Rg7 Rxa2 49. Rxb7 a5 50. Rc7 Rc2 51. Ra7 Ra2 52. Rc7 Rc2 53.
Ra7 Ra2 54. Ra8+ Ke7 55. g6 a4 56. Ra6 a3 57. Rxc6 Rh2+ 58. Kg7 a2 59. Ra6 Rg2 60. Kh7 Rh2+ 61. Kg8 Rg2 62. g7 Rh2 63. Ra7+ Ke8 64. Ra3 Re2 65. Ra8+ Ke7 66. Ra7+ Ke8 67. Ra8+ Ke7 68. Ra6 Rh2 69. Ra7+ Ke8 70. Ra5 Re2 71. Ra8+ Ke7 72. Ra7+ Ke8 73. Ra8+ 1/2-1/2

[Event "XXXV Open Int. de Benasque"]
[Site "Benasque"]
[Date "2015.07.09"]
[Round "8"]
[White "Gretarsson, Hjorvar Steinn"]
[Black "Cori, Jorge"]
[Result "0-1"]
[ECO "D70"]
[WhiteElo "2559"]
[BlackElo "2623"]
[Annotator "Robot 9"]
[PlyCount "56"]
[EventDate "2015.??.??"]
[EventCountry "ESP"]
[TimeControl "5400+30"]

1. d4 Nf6 2. c4 g6 3. f3 d5 4. cxd5 Nxd5 5. e4 Nb6 6. Nc3 Bg7 7. Be3 O-O 8. Qd2 Nc6 9. O-O-O Qd6 10. Kb1 Rd8 11. Nb5 Qd7 12. d5 a6 13.
Nc3 Qe8 14. Qc1 Ne5 15. h4 e6 16. Bh6 Bxh6 17. Qxh6 Qe7 18. Qe3 exd5 19. Nxd5 Nxd5 20. exd5 Be6 21. Nh3 Nc4 22. Qb3 Ne3 23. Re1 Nxd5 24. Bc4 Qxh4 25. f4 b5 26. Bxd5 Rxd5 27. Ng5 Qxf4 28. Nxh7 Rh5 0-1

[Event "XXXV Open Int. de Benasque"]
[Site "Benasque"]
[Date "2015.07.09"]
[Round "8"]
[White "Kanmazalp, Ogulcan"]
[Black "Romanov, Evgeny"]
[Result "0-1"]
[ECO "C18"]
[WhiteElo "2468"]
[BlackElo "2575"]
[Annotator "Robot 9"]
[PlyCount "74"]
[EventDate "2015.??.??"]
[EventCountry "ESP"]
[TimeControl "5400+30"]

1. e4 e6 2. d4 d5 3. Nc3 Bb4 4. e5 c5 5. a3 Bxc3+ 6. bxc3 Ne7 7. Qg4 Kf8 8.
a4 Qc7 9. Qd1 cxd4 10. cxd4 Qc3+ 11. Bd2 Qxd4 12. Nf3 Qe4+ 13. Be2 b6 14. O-O Ba6 15. Bb5 Bxb5 16. axb5 Nd7 17. c4 Qxc4 18. Qb1 Qc8 19. Bb4 Nc5 20. Bxc5 bxc5 21. b6 axb6 22. Rxa8 Qxa8 23. Qxb6 g6 24. Qxc5 Qb7 25. Qc1 Kg7 26. Qf4 Rc8 27. Qf6+ Kg8 28. Ng5 Nf5 29. g4 Ng7 30.
h3 h6 31. Nf3 Ne8 32. Qf4 Kg7 33. Rc1 Rc4 34. Qd2 Qb3 35. Kg2 Nc7 36. Rxc4 dxc4 37. Qd8 Nd5 0-1

[Event "XXXV Open Int. de Benasque"]
[Site "Benasque"]
[Date "2015.07.09"]
[Round "8"]
[White "Jansa, Vlastimil"]
[Black "Kharitonov, Alexandr"]
[Result "1/2-1/2"]
[ECO "B19"]
[WhiteElo "2457"]
[BlackElo "2536"]
[Annotator "Robot 9"]
[PlyCount "35"]
[EventDate "2015.??.??"]
[EventCountry "ESP"]
[TimeControl "5400+30"]

1. e4 c6 2. d4 d5 3. Nd2 dxe4 4. Nxe4 Bf5 5. Ng3 Bg6 6. h4 h6 7. Nf3 Nd7 8.
h5 Bh7 9. Bd3 Bxd3 10. Qxd3 e6 11. Bd2 Ngf6 12. O-O-O Be7 13. Ne4 Qb6 14. Nxf6+ Nxf6 15. Ne5 O-O 16. g4 Rad8 17. c3 Nd7 18. Qe2 1/2-1/2